 Dungeon Crawl Stone Soup version 0.23.2-30-g0e89c35649 (webtiles) character file.

Game seed: 9968341301308132298

5515 senseless the Carver (level 10, -7/86 HPs)
             Began as a Minotaur Fighter on June 14, 2019.
             Was a Priest of Qazlal.
             Mangled by a five-headed hydra (10 damage)
             ... on level 1 of the Lair of Beasts.
             The game lasted 00:25:52 (6344 turns).

senseless the Carver (Minotaur Fighter)             Turns: 6344, Time: 00:25:53

Health: -7/86      AC: 12    Str: 21    XL:     10   Next: 43%
Magic:  11/11      EV: 13    Int:  5    God:    Qazlal [***...]
Gold:   144        SH:  3    Dex: 11    Spells: 9/9 levels left

rFire    + . .     SeeInvis +   z - +2 dire flail (holy)
rCold    x . .     Gourm    .   (shield currently unavailable)
rNeg     . . .     Faith    .   b - +0 scale mail
rPois    .         Spirit   .   (helmet unavailable)
rElec    .         Reflect  .   d - +0 cloak (curse)
rCorr    .         Harm     .   (no gloves)
MR       +....                  o - +0 pair of boots
Stlth    ..........             e - amulet of regeneration
HPRegen  0.64/turn              a - ring of fire
MPRegen  0.12/turn              u - ring of see invisible

@: no status effects
A: retaliatory headbutt, horns 3, iridescent scales 1, clumsy 1, magic
resistance 1
a: Upheaval, Elemental Force, Renounce Religion


You were on level 1 of the Lair of Beasts.
You worshipped Qazlal.
Qazlal was most pleased with you.
You were not hungry.

You visited 2 branches of the dungeon, and saw 9 of its levels.

You collected 444 gold pieces.
You spent 300 gold pieces at shops.

Inventory:

Hand Weapons
 k - a +4 falchion of slicing
 z - a +2 dire flail of holy wrath (weapon)
Armour
 b - a +0 scale mail (worn)
 d - a cursed +0 cloak (worn)
 o - a +0 pair of boots (worn)
 w - a +2 shield
Jewellery
 a - a ring of fire (left hand)
 e - an amulet of regeneration (around neck)
 u - a ring of see invisible (right hand)
Scrolls
 c - 2 scrolls of teleportation
 g - 4 scrolls of remove curse
 h - 5 scrolls of magic mapping
 n - 5 scrolls of identify
Potions
 i - a potion of brilliance
 j - 2 potions of resistance
 l - a potion of lignification
 m - 3 potions of curing
 p - a potion of flight
 q - 2 potions of haste
 r - a potion of degeneration {unknown}
 s - a potion of agility
 t - a potion of berserk rage
Comestibles
 f - 16 rations
 v - 13 chunks of flesh


   Skills:
 + Level 7.2 Fighting
 + Level 10.6 Long Blades
 + Level 8.0 Armour
 * Level 7.4 Dodging
 + Level 8.9 Shields
 * Level 3.3 Invocations


You had 9 spell levels left.
You didn't know any spells.
Your spell library was empty.

Dungeon Overview and Level Annotations

Branches:
Dungeon (8/15)             Temple (0/1) D:7            Lair (1/6) D:8

Altars:
Dithmenos
Nemelex Xobeh
Qazlal
Vehumet
Wu Jian

Shops:
D:4 [


Innate Abilities, Weirdness & Mutations

You reflexively headbutt those who attack you in melee.
You have a pair of large horns on your head.
You are partially covered in iridescent scales. (AC +2)
You are clumsy. (Dex -2)
You are resistant to hostile enchantments. (MR+)


Message History

* * * LOW HITPOINT WARNING * * *
The five-headed hydra bites you but does no damage. x4
You sock the five-headed hydra!
The five-headed hydra is almost dead.
The five-headed hydra bites you but does no damage.
The five-headed hydra barely misses you.
The five-headed hydra closely misses you. x2
The five-headed hydra bites you.
* * * LOW HITPOINT WARNING * * *
The five-headed hydra bites you!
* * * LOW HITPOINT WARNING * * *
The five-headed hydra bites you but does no damage. x2
The five-headed hydra bites you.
* * * LOW HITPOINT WARNING * * *
The five-headed hydra closely misses you.
You feel better. The five-headed hydra bites you!
* * * LOW HITPOINT WARNING * * *
The five-headed hydra bites you but does no damage.
The five-headed hydra bites you!
You die...

#..####.## #.# #.
##.P# #..# #.# ##
###.## #..####
#.#
..#....###.....#
P...........###.#
#####...#######.#
#..P# #P.# ##.##
##.# #.# #@# #.#
#.D....... #.
##..r....#
.!...>...
#.......#
.........
#.......#
.........


You could see a five-headed hydra and a porcupine.

Vanquished Creatures
  A spiny frog (Lair:1)
  Grinder (D:3)
  4 hippogriffs
  Eustachio (D:6)
  A water moccasin (Lair:1)
  A black bear (D:8)
  5 porcupines (Lair:1)
  2 ice beasts
  A necrophage (D:6)
  4 ogres
  2 sky beasts
  3 orc warriors
  2 centaurs
  A crocodile (Lair:1)
  10 bullfrogs
  A wyvern skeleton (D:6)
  2 scorpions
  A crimson imp (D:7)
  2 centaur zombies (D:6)
  4 bullfrog zombies (D:6)
  2 hounds
  3 bullfrog skeletons (D:6)
  6 orc priests
  10 orc wizards
  2 iguanas
  Natasha (thrice) (D:3)
  6 worker ants
  4 hound zombies
  2 hound skeletons (D:6)
  Robin (D:3)
  3 howler monkey zombies (D:6)
  3 worker ant zombies (D:6)
  3 adders
  A shadow imp (D:4)
  2 oozes
  2 worms (D:5)
  2 adder skeletons
  A dart slug (D:2)
  6 leopard geckos
  21 orcs
  A ball python (D:1)
  6 bats
  2 giant cockroaches
  10 goblins
  10 hobgoblins
  7 jackals
  3 kobolds (D:1)
  3 quokkas
  3 frilled lizards
  A jackal skeleton (D:6)
  2 jackal zombies
  2 leopard gecko skeletons
  2 leopard gecko zombies
  3 quokka skeletons
  2 quokka zombies (D:6)
  8 rats
197 creatures vanquished.

Notes
Turn   | Place    | Note
-------+----------+-------------------------------------------
     0 | D:1      | senseless the Minotaur Fighter began the quest for the Orb.
     0 | D:1      | Reached XP level 1. HP: 19/19 MP: 0/0
   244 | D:1      | Reached XP level 2. HP: 27/27 MP: 1/1
   420 | D:1      | Reached skill level 1 in Dodging
   936 | D:2      | Reached XP level 3. HP: 33/33 MP: 2/2
  1035 | D:2      | Noticed a bullfrog
  1042 | D:2      | Killed a bullfrog
  1042 | D:2      | Reached skill level 3 in Long Blades
  1042 | D:2      | Reached XP level 4. HP: 35/40 MP: 3/3
  1518 | D:2      | Gained mutation: Your spells are a little harder to cast,
                  | but a little more powerful. [potion of mutation]
  1518 | D:2      | Gained mutation: You are clumsy. (Dex -2) [potion of
                  | mutation]
  1518 | D:2      | Gained mutation: You are partially covered in iridescent
                  | scales. (AC +2) [potion of mutation]
  1519 | D:2      | Lost mutation: Your spells are a little harder to cast, but
                  | a little more powerful. [potion of mutation]
  1519 | D:2      | Gained mutation: You have a pair of large horns on your
                  | head. [potion of mutation]
  1519 | D:2      | Gained mutation: You are resistant to hostile enchantments.
                  | (MR+) [potion of mutation]
  1822 | D:3      | Reached XP level 5. HP: 42/46 MP: 4/4
  1830 | D:3      | Noticed Grinder
  1839 | D:3      | Noticed Robin
  1854 | D:3      | Killed Grinder
  1854 | D:3      | Reached skill level 4 in Long Blades
  1854 | D:3      | Reached skill level 5 in Shields
  1854 | D:3      | Reached XP level 6. HP: 16/53 MP: 5/5
  1858 | D:3      | Killed Robin
  2086 | D:3      | Found a shadowy altar of Dithmenos.
  2104 | D:3      | Noticed Natasha
  2111 | D:3      | Killed Natasha
  2115 | D:3      | Noticed Natasha
  2119 | D:3      | Killed Natasha
  2119 | D:3      | Reached skill level 5 in Long Blades
  2178 | D:3      | Noticed Natasha
  2182 | D:3      | Killed Natasha
  2296 | D:3      | Found a sparkling altar of Nemelex Xobeh.
  2401 | D:3      | Found an ornate altar of the Wu Jian Council.
  2600 | D:4      | Found Riokosan's Antique Armour Emporium.
  2669 | D:4      | Noticed a sky beast
  2678 | D:4      | Killed a sky beast
  2678 | D:4      | Reached skill level 5 in Armour
  2678 | D:4      | Reached XP level 7. HP: 48/60 MP: 6/6
  2743 | D:4      | Reached skill level 5 in Fighting
  2743 | D:4      | Reached skill level 6 in Long Blades
  2997 | D:4      | Found a radiant altar of Vehumet.
  3179 | D:4      | Bought a runed cloak for 150 gold pieces
  3190 | D:5      | Entered Level 5 of the Dungeon
  3343 | D:5      | Found a stormy altar of Qazlal.
  3346 | D:5      | Became a worshipper of Qazlal Stormbringer
  3628 | D:5      | Reached skill level 7 in Long Blades
  3628 | D:5      | Reached XP level 8. HP: 67/68 MP: 7/7
  4024 | D:6      | Reached skill level 5 in Dodging
  4039 | D:6      | Reached skill level 8 in Long Blades
  4130 | D:6      | Reached * piety under Qazlal
  4210 | D:6      | Reached XP level 9. HP: 75/75 MP: 8/8
  4383 | D:6      | Reached skill level 9 in Long Blades
  4396 | D:6      | Reached ** piety under Qazlal
  4521 | D:6      | Noticed Eustachio
  4559 | D:6      | Killed Eustachio
  4692 | D:4      | Bought a glowing shield for 150 gold pieces
  4752 | D:7      | You fall through a shaft!
  4798 | D:7      | Found a staircase to the Ecumenical Temple.
  5417 | D:8      | Found a staircase to the Lair.
  5534 | D:8      | Reached skill level 1 in Invocations
  5554 | D:8      | Reached skill level 10 in Long Blades
  5973 | Lair:1   | Entered Level 1 of the Lair of Beasts
  5990 | Lair:1   | Reached XP level 10. HP: 84/84 MP: 10/10
  6204 | Lair:1   | Noticed a spiny frog
  6211 | Lair:1   | Killed a spiny frog
  6213 | Lair:1   | Reached *** piety under Qazlal
  6331 | Lair:1   | Noticed a five-headed hydra
  6344 | Lair:1   | HP: 3/86 [five-headed hydra (12)]
  6344 | Lair:1   | Mangled by a five-headed hydra

Skill      XL: |  1  2  3  4  5  6  7  8  9 10 |
---------------+-------------------------------+-----
Shields        | 4 5 6 8 |  8.9
Dodging        | 1 2 3 4 5 6 7 |  7.4
Fighting       | 4 5 6 7 |  7.2
Long Blades    | 3 4 5 7 8 10 | 10.6
Armour         | 4 5 7 8 |  8.0
Invocations    | 2 3 |  3.3

Action                   |  1- 3 |  4- 6 |  7- 9 | 10-12 || total
-------------------------+-------+-------+-------+-------++-------
Melee: Long sword        |    53 |    77 |       |       ||   130
       Headbutt          |     6 |    23 |    78 |    12 ||   119
       Falchion          |       |    44 |   356 |    45 ||   445
       Dire flail        |       |       |       |     5 ||     5
  Use: Scroll            |     5 |     7 |     9 |       ||    21
       Potion            |       |     4 |       |     1 ||     5
  Eat: Chunk             |       |     6 |    11 |     1 ||    18
Armor: Scale mail        |    24 |    55 |    90 |    25 ||   194
Dodge: Dodged            |    15 |    34 |    85 |    25 ||   159
Block: Shield            |    36 |    50 |   188 |    37 ||   311
       Other             |       |       |       |     1 ||     1
       Rpst.: Long sword |     2 |     6 |       |       ||     8
       Falchion          |       |     5 |    20 |     3 ||    28
